 Dungeon Crawl Stone Soup version 0.32-a0-834-geaf45d8e21 (webtiles) character file.

Game seed: 9667029630885026067

81 smashvw the Trooper (level 4, -6/60 HPs)
             Began as an Armataur Berserker on Mar 25, 2024.
             Was a Believer of Trog.
             Mangled by an orc wizard
             ... wielding a +0 scimitar
              (10 damage)
             ... on level 3 of the Dungeon.
             The game lasted 00:03:17 (2082 turns).

smashvw the Trooper (Armataur Berserker)            Turns: 2082, Time: 00:03:18

Health: -6/60      AC:  4    Str: 25    XL:     4   Next: 20%
Magic:  4/4        EV:  8    Int:  7    God:    Trog [**....]
Gold:   110        SH:  0    Dex:  9    Spells: 3/3 levels left

rFire   . . .        a - +0 hand axe
rCold   . . .        (no shield)
rNeg    . . .        b - +0 animal skin
rPois   .            (no helmet)
rElec   .            (no cloak)
rCorr   .            (no gloves)
SInv    .            (no barding)
Will    .....        (no amulet) Stlth
                     (no ring)
HPRegen 0.30/turn    (no ring)
MPRegen 0.09/turn

%: roll
@: confused, berserking (expiring), very quick
A: large, deformed body, tough skin 3, armoured tail, rollpage 1
a: Renounce Religion, Berserk, Trog's Hand


You were on level 3 of the Dungeon.
You worshipped Trog.
Trog was pleased with you.
You visited 1 branch of the dungeon, and saw 3 of its levels.

You collected 110 gold pieces.

Inventory:

Hand Weapons
 a - a +0 hand axe (weapon)
Missiles
 l - 6 poisoned darts (quivered)
Armour
 b - a +0 animal skin (worn)
Jewellery
 i - an amulet of regeneration
Scrolls
 c - a scroll of teleportation {unknown}
 e - 2 scrolls of blinking {unknown}
 f - 2 scrolls of vulnerability {unknown}
 g - a scroll of poison {unknown}
 m - a scroll of amnesia {unknown}
 o - 2 scrolls of revelation {unknown}
 p - 2 scrolls of brand weapon {unknown}
 q - a scroll of identify {unknown}
Potions
 d - a potion of degeneration {unknown}
 h - a potion of experience {unknown}
 j - a potion of lignification {unknown}
 k - a potion of heal wounds {unknown}
 n - 2 potions of enlightenment {unknown}


   Skills:
 + Level 3.7 Fighting
 + Level 3.4 Axes
 - Level 2.4 Armour
 - Level 1.3 Dodging


You had 3 spell levels left.
You didn't know any spells.
Your spell library was empty.

Dungeon Overview and Level Annotations

Branches:
Dungeon (3/15)

Altars:


Innate Abilities, Weirdness & Mutations

Armour fits poorly on your strangely shaped body.
You have extremely tough skin. (AC +3)
You have a long armoured tail.
You regenerate magic when rolling toward enemies. (Rampage MPRegen)


Message History

Trog accepts your kill.
You miss something. You hit the orc wizard.
Your tail-slap misses the orc wizard.
The orc wizard is severely wounded.
You miss something.
The orc wizard hits you with a +0 scimitar.
Something hits you but does no damage.
You're too confused to move!
The orc wizard hits you but does no damage.
Something hits you but does no damage.
You bump into the rock wall.
You feel a strong urge to attack something.
Something hits you but does no damage. The orc wizard casts a spell at you.
You are more confused.
You miss the orc wizard.
The orc wizard is severely wounded.
You barely miss something.
You bump into the rock wall.
Something hits you but does no damage.
The orc wizard gestures at you while chanting.
The puff of flame hits you!
* * * LOW HITPOINT WARNING * * *
You bump into the rock wall.
You feel a strong urge to attack something.
Something hits you.
* * * LOW HITPOINT WARNING * * *
The orc wizard hits you with a +0 scimitar.
* * * LOW HITPOINT WARNING * * *
The endoplasm freezes you.
You are frozen.
* * * LOW HITPOINT WARNING * * *
You hit the orc wizard.
The orc wizard is severely wounded.
You miss something. You hit the endoplasm. You slash the endoplasm!
You kill the endoplasm!
Trog accepts your kill.
You barely miss something. You barely miss the orc wizard.
The orc wizard hits you with a +0 scimitar!
You die...

#.##. .# ##...# .
. !.... . ..
#...# .#...
+...##... #......
##.{)o# #...@#
#.$.## #######
#...# #.....#
#...# #.###.#
#.#.####.# #.#
...#.##...###.#
..##.#.##.#.....#
.#
#.#.##.#.######
#.#.#.........#


You could see an orc wizard.

Vanquished Creatures
  3 adders (D:2)
  3 dart slugs
  2 orcs (D:3)
  4 endoplasms
  3 giant cockroaches (D:1)
  8 goblins
  3 hobgoblins (D:2)
  7 kobolds
  2 quokkas
  A ball python (D:2)
  2 bats (D:1)
  5 frilled lizards
  4 rats
47 creatures vanquished.

Notes
Turn   | Place    | Note
-------+----------+-------------------------------------------
     0 | D:1      | smashvw the Armataur Berserker began the quest for the Orb.
     0 | D:1      | Reached XP level 1. HP: 18/18 MP: 1/1
   106 | D:1      | Reached XP level 2. HP: 22/26 MP: 2/2
   751 | D:1      | Found a faded altar of an unknown god.
   773 | D:1      | Reached XP level 3. HP: 31/31 MP: 3/3
  1106 | D:2      | Reached ** piety under Trog
  1600 | D:2      | Reached XP level 4. HP: 36/40 MP: 4/4
  2082 | D:3      | Mangled by an orc wizard

Illustrated notes

Levels and vault maps discovered:
D:1:      saegor_arrival_simple_e, layout_loops_ring, serial_forest,
          infiniplex_forest_lined_room_2, infiniplex_forest_end_2,
          infiniplex_forest_end_2, infiniplex_forest_lined_room_2,
          infiniplex_forest_lined_3_way, infiniplex_forest_clump_curved,
          infiniplex_forest_straight_4, infiniplex_forest_straight_2,
          infiniplex_forest_straight_2, chequers_ecumenical_altar_simple
D:2:      layout_loops_corners, st_stairs_14
D:3:      layout_basic, kennysheep_slug_shrine

Skill      XL: |  1  2 |
---------------+-------+-----
Fighting       | 3 |  3.7
Axes           | 3 |  3.4
Armour         | |  2.4
Dodging        | |  1.3

Action                     |  1- 3 |  4- 6 || total
---------------------------+-------+-------++-------
  Melee: Hand axe          |   131 |    13 ||   144
         Tailslap          |    10 |     1 ||    11
 Invoke: Berserk           |       |     1 ||     1
   Stab: Sleeping          |     2 |       ||     2
 Armour: Animal skin       |    92 |    16 ||   108
  Dodge: Dodged            |    61 |     7 ||    68

Table legend: (Time is in decaauts)
 A = Elapsed time spent in this place.
 B = Non-inter-level travel time spent in this place.
 C = Inter-level travel time spent in this place.
 D = Time resting spent in this place.
 E = Time spent auto-exploring this place.
 F = Levels seen in this place.
 G = Mean time per level.
                   A        B        C        D        E       F      G
               +--------+--------+--------+--------+--------+-----+--------+
         Total |   2100 |   2067 |     33 |      0 |   1757 |   3 |  700.0 |
       Dungeon |   2100 |   2067 |     33 |      0 |   1757 |   3 |  700.0 |
               +--------+--------+--------+--------+--------+-----+--------+

Top non-repeatable levels by time:
     D:2: 1084 daAuts
     D:1: 964 daAuts
     D:3: 51 daAuts
